SNL (28 & UNDER)
SALEM SILVER SOULS @ WEST VIRGINIA POWER
09/20/2026
 
TOP OF THE 1ST
Salem Silver Souls batting - Pitching for West Virginia Power : RHP Horace Jacobs
Pitching: RHP Horace Jacobs
Batting: LHB Nick Scott 0-0: Called Strike
0-1: Ball
1-1: Ground out 5-3 (Groundball, 56S)
Batting: RHB Augusto Baiano 0-0: Called Strike
0-1: Foul Ball, location: 2F
0-2: Ground out 5-3 (Groundball, 5L)
Batting: RHB Ron Edwards 0-0: Called Strike
0-1: Ball
1-1: Ball
2-1: Foul Ball, location: 2F
2-2: Strikes out swinging
Top of the 1st over - 0 run(s), 0 hit(s), 0 error(s), 0 left on base; Salem 0 - West Virginia 0
BOTTOM OF THE 1ST
West Virginia Power batting - Pitching for Salem Silver Souls : RHP Miguel Ortíz
Pitching: RHP Miguel Ortíz
Batting: RHB Pablo Sandoval 0-0: Called Strike
0-1: Ground out 5-3 (Groundball, 56)
Batting: RHB Dave McGrath 0-0: Called Strike
0-1: Fly out, F9 (Flyball, 89M)
Batting: RHB Ben Dougherty 0-0: Ball
1-0: SINGLE (Groundball, 6MD)
Batting: RHB Will Lott 0-0: Ball
1-0: SINGLE (Line Drive, 6D)
Ben Dougherty to second
Batting: LHB Héctor Soto 0-0: Ball
1-0: Ball
2-0: Ball
3-0: Base on Balls
Ben Dougherty to third
Will Lott to second
Batting: RHB Tony Parker 0-0: Ball
1-0: Foul Ball, location: 2F
1-1: Foul Ball, location: 2F
1-2: Ball
2-2: Foul Ball, location: 2F
2-2: Foul Ball, location: 2F
2-2: Foul Ball, location: 2F
2-2: Foul Ball, location: 2F
2-2: Ball
3-2: Base on Balls
Ben Dougherty scores
Will Lott to third
Héctor Soto to second
Batting: RHB Jesse McKnight 0-0: Foul Ball, location: 2F
0-1: Ball
1-1: Ball
2-1: Ground out 6-3 (Groundball, 6)
Bottom of the 1st over - 1 run(s), 2 hit(s), 0 error(s), 3 left on base; Salem 0 - West Virginia 1
TOP OF THE 2ND
Salem Silver Souls batting - Pitching for West Virginia Power : RHP Horace Jacobs
Batting: LHB Millard Dye 0-0: Foul Ball, location: 2F
0-1: Ball
1-1: Ball
2-1: Fly out, F8 (Flyball, 8RXD)
Batting: LHB Raúl Cordero 0-0: SINGLE (Groundball, 4MD)
Batting: RHB Gabriel Miranda 0-0: Ball
1-0: Called Strike
1-1: Fly out, F8 (Flyball, 8RM)
Batting: RHB Gustavo Pagán 0-0: Called Strike
0-1: Ball
1-1: Ball
2-1: Called Strike
2-2: SINGLE (Groundball, 34)
Raúl Cordero to second
Runner from 2nd tries for 3rd, SAFE, throw made to third
Batting: RHB Jaime Rodríguez 0-0: Ball
1-0: Foul Ball, location: 2F
1-1: Called Strike
1-2: Ball
2-2: DOUBLE (Flyball, 8RD)
Raúl Cordero scores
Gustavo Pagán to third
Runner from 3rd tries for Home, SAFE, no throw or cutoff
Batting: SHB Francis Shaffer 0-0: Foul Ball, location: 2F
0-1: Called Strike
0-2: Ball
1-2: Ball
2-2: Ball
3-2: Strikes out looking
Top of the 2nd over - 2 run(s), 3 hit(s), 0 error(s), 1 left on base; Salem 2 - West Virginia 1
BOTTOM OF THE 2ND
West Virginia Power batting - Pitching for Salem Silver Souls : RHP Miguel Ortíz
Batting: RHB Len Burke 0-0: Ball
1-0: Foul Ball, location: 2F
1-1: Swinging Strike
1-2: Ball
2-2: Foul Ball, location: 2F
2-2: Strikes out swinging
Batting: LHB Júlio Martínez 0-0: Called Strike
0-1: Ball
1-1: SINGLE (Groundball, 6MD)
Batting: RHB Pablo Sandoval 0-0: Ball
1-0: Ball
2-0: SINGLE (Groundball, 56D)
Júlio Martínez to second
Batting: RHB Dave McGrath 0-0: Called Strike
0-1: Ball
1-1: Ball
2-1: Fly out, F8 (Flyball, 8RD)
Runner from 2nd tags up, SAFE at 3rd, no throw
Batting: RHB Ben Dougherty 0-0: Ball
1-0: Ball
2-0: Swinging Strike
2-1: Foul Ball, location: 2F
2-2: Ground out 4-3 (Groundball, 4)
Bottom of the 2nd over - 0 run(s), 2 hit(s), 0 error(s), 2 left on base; Salem 2 - West Virginia 1
TOP OF THE 3RD
Salem Silver Souls batting - Pitching for West Virginia Power : RHP Horace Jacobs
Batting: LHB Nick Scott 0-0: Ball
1-0: Ball
2-0: Bunt missed!
2-1: Ball
3-1: Called Strike
3-2: Foul Ball, location: 2F
3-2: Foul Ball, location: 2F
3-2: SINGLE (Line Drive, 78S)
Batting: RHB Augusto Baiano 0-0: Called Strike
0-1: Called Strike
0-2: Strikes out looking
Batting: RHB Ron Edwards 0-0: Ball
1-0: Ball
2-0: DOUBLE (Line Drive, 7LM)
Nick Scott to third
Runner from 3rd tries for Home, SAFE, no throw or cutoff
Batting: LHB Millard Dye 0-0: Fly out, F4 (Line Drive, 4)
Batting: LHB Raúl Cordero 0-0: Foul Ball, location: 2F
0-1: Ball
1-1: Foul Ball, location: 2F
1-2: Strikes out swinging
Top of the 3rd over - 1 run(s), 2 hit(s), 0 error(s), 1 left on base; Salem 3 - West Virginia 1
BOTTOM OF THE 3RD
West Virginia Power batting - Pitching for Salem Silver Souls : RHP Miguel Ortíz
Batting: RHB Will Lott 0-0: Ball
1-0: Ball
2-0: Fly out, F8 (Flyball, 8LM)
Batting: LHB Héctor Soto 0-0: Called Strike
0-1: Called Strike
0-2: Strikes out looking
Batting: RHB Tony Parker 0-0: Foul Ball, location: 2F
0-1: Ground out 4-3 (Groundball, 4)
Bottom of the 3rd over - 0 run(s), 0 hit(s), 0 error(s), 0 left on base; Salem 3 - West Virginia 1
TOP OF THE 4TH
Salem Silver Souls batting - Pitching for West Virginia Power : RHP Horace Jacobs
Batting: RHB Gabriel Miranda 0-0: Called Strike
0-1: Fly out, F9 (Flyball, 9M)
Batting: RHB Gustavo Pagán 0-0: Swinging Strike
0-1: Foul Ball, location: 2F
0-2: Ball
1-2: Strikes out swinging
Batting: RHB Jaime Rodríguez 0-0: Ball
1-0: Foul Ball, location: 2F
1-1: Called Strike
1-2: Foul Ball, location: 2F
1-2: Fly out, F8 (Flyball, 8LXD)
Top of the 4th over - 0 run(s), 0 hit(s), 0 error(s), 0 left on base; Salem 3 - West Virginia 1
BOTTOM OF THE 4TH
West Virginia Power batting - Pitching for Salem Silver Souls : RHP Miguel Ortíz
Batting: RHB Jesse McKnight 0-0: Called Strike
0-1: Called Strike
0-2: Ball
1-2: Foul Ball, location: 2F
1-2: Strikes out swinging
Batting: RHB Len Burke 0-0: Called Strike
0-1: Foul Ball, location: 2F
0-2: Ball
1-2: Ball
2-2: Strikes out swinging
Batting: LHB Júlio Martínez 0-0: Called Strike
0-1: Ball
1-1: Swinging Strike
1-2: Fly out, F7 (Flyball, 7M)
Bottom of the 4th over - 0 run(s), 0 hit(s), 0 error(s), 0 left on base; Salem 3 - West Virginia 1
TOP OF THE 5TH
Salem Silver Souls batting - Pitching for West Virginia Power : RHP Horace Jacobs
Batting: SHB Francis Shaffer 0-0: Called Strike
0-1: Ball
1-1: Ball
2-1: Ground out U3 (Groundball, 3)
Batting: LHB Nick Scott 0-0: Foul Ball, location: 2F
0-1: Ball
1-1: Foul Ball, location: 2F
1-2: Ground out 6-3 (Groundball, 6M)
Batting: RHB Augusto Baiano 0-0: Called Strike
0-1: Ball
1-1: Foul Ball, location: 2F
1-2: Strikes out swinging
Top of the 5th over - 0 run(s), 0 hit(s), 0 error(s), 0 left on base; Salem 3 - West Virginia 1
BOTTOM OF THE 5TH
West Virginia Power batting - Pitching for Salem Silver Souls : RHP Miguel Ortíz
Batting: RHB Pablo Sandoval 0-0: Ball
1-0: Ball
2-0: Ball
3-0: Called Strike
3-1: Base on Balls
Batting: RHB Dave McGrath 0-0: Ball
1-0: Ball
2-0: Foul Ball, location: 2F
2-1: Ball
3-1: Foul Ball, location: 2F
3-2: Fly out, F3 (Popup, 3)
Batting: RHB Ben Dougherty 0-0: Ball
1-0: Called Strike
1-1: Called Strike
1-2: Fly out, F9 (Line Drive, 9D)
Batting: RHB Will Lott 0-0: Ball
Pablo Sandoval steals 2nd base
1-0: Foul Ball, location: 2F
1-1: Ball
2-1: Swinging Strike
2-2: SINGLE (Flyball, 89S)
Pablo Sandoval to third
Runner from 3rd tries for Home, SAFE, no throw or cutoff
Batting: LHB Héctor Soto 0-0: Ball
1-0: Ground out 4-3 (Groundball, 4)
Bottom of the 5th over - 1 run(s), 1 hit(s), 0 error(s), 1 left on base; Salem 3 - West Virginia 2
TOP OF THE 6TH
Salem Silver Souls batting - Pitching for West Virginia Power : RHP Horace Jacobs
Batting: RHB Ron Edwards 0-0: Called Strike
0-1: Foul Ball, location: 2F
0-2: SINGLE (Groundball, 34D)
Batting: LHB Millard Dye 0-0: Ball
1-0: Ball
2-0: Called Strike
2-1: Ball
3-1: SINGLE (Line Drive, 34)
Ron Edwards to second
Runner from 2nd tries for 3rd, SAFE, throw made to third
Batting: LHB Raúl Cordero 0-0: Foul Ball, location: 2F
0-1: Fly out, F5 (Popup, 25)
Batting: RHB Gabriel Miranda 0-0: Ball
1-0: Called Strike
1-1: Ball
2-1: Swinging Strike
2-2: Fly out, F9 (Line Drive, 9M)
Batting: RHB Gustavo Pagán 0-0: Called Strike
0-1: Foul Ball, location: 2F
0-2: Foul Ball, location: 2F
0-2: Ball
1-2: Ball
2-2: Strikes out looking
Top of the 6th over - 0 run(s), 2 hit(s), 0 error(s), 2 left on base; Salem 3 - West Virginia 2
BOTTOM OF THE 6TH
West Virginia Power batting - Pitching for Salem Silver Souls : RHP Miguel Ortíz
Pitching: RHP Pat Wyatt
Batting: RHB Tony Parker 0-0: Swinging Strike
0-1: Ball
1-1: Foul Ball, location: 2F
1-2: Ball
2-2: Foul Ball, location: 2F
2-2: Fly out, F9 (Line Drive, 9D)
Batting: RHB Jesse McKnight 0-0: Ball
1-0: Swinging Strike
1-1: Foul Ball, location: 2F
1-2: Foul Ball, location: 2F
1-2: Strikes out swinging
Batting: RHB Len Burke 0-0: Ball
1-0: Ball
2-0: Ground out 5-3 (Groundball, 56)
Bottom of the 6th over - 0 run(s), 0 hit(s), 0 error(s), 0 left on base; Salem 3 - West Virginia 2
TOP OF THE 7TH
Salem Silver Souls batting - Pitching for West Virginia Power : RHP Horace Jacobs
Pitching: RHP Don Shelton
Batting: RHB Jaime Rodríguez 0-0: Ground out 6-3 (Groundball, 6M)
Batting: SHB Francis Shaffer 0-0: Ball
1-0: Called Strike
1-1: Foul Ball, location: 2F
1-2: Strikes out swinging
Batting: LHB Nick Scott 0-0: Foul Ball, location: 2F
0-1: Ball
1-1: Foul Ball, location: 2F
1-2: Foul Ball, location: 2F
1-2: SINGLE (Line Drive, 6M)
Pinch Hitting: LHB Lyle Wilson 0-0: Called Strike
0-1: Hit by Pitch
Nick Scott to second
Batting: RHB Ron Edwards 0-0: Ball
1-0: Ball
2-0: Ball
3-0: Ground out 4-3 (Groundball, 4)
Top of the 7th over - 0 run(s), 1 hit(s), 0 error(s), 2 left on base; Salem 3 - West Virginia 2
BOTTOM OF THE 7TH
West Virginia Power batting - Pitching for Salem Silver Souls : RHP Pat Wyatt
Now at 2B: Adam Thomas
Batting: LHB Júlio Martínez 0-0: Called Strike
0-1: Foul Ball, location: 2F
0-2: Ball
1-2: Strikes out swinging
Batting: RHB Pablo Sandoval 0-0: Called Strike
0-1: Ball
1-1: Ball
2-1: Ball
3-1: SINGLE (Groundball, 56D)
Pinch Hitting: RHB Roberto Tobías 0-0: Called Strike
0-1: SINGLE (Line Drive, 7LS)
Pablo Sandoval to second
Batting: RHB Ben Dougherty 0-0: Grounds into double play, 4-6-3 (Groundball, 4)
Bottom of the 7th over - 0 run(s), 2 hit(s), 0 error(s), 1 left on base; Salem 3 - West Virginia 2
TOP OF THE 8TH
Salem Silver Souls batting - Pitching for West Virginia Power : RHP Don Shelton
Now at SS: Aaron Murray
Batting: LHB Millard Dye 0-0: Foul Ball, location: 2F
0-1: Ball
1-1: Ball
2-1: Ball
3-1: Fly out, F9 (Flyball, 9LM)
Batting: LHB Raúl Cordero 0-0: Called Strike
0-1: Called Strike
0-2: Strikes out looking
Batting: RHB Gabriel Miranda 0-0: Swinging Strike
0-1: Foul Ball, location: 2F
0-2: Ball
1-2: DOUBLE (Flyball, 8LXD)
Batting: RHB Gustavo Pagán 0-0: Foul Ball, location: 2F
0-1: Called Strike
0-2: Ball
1-2: Strikes out looking
Top of the 8th over - 0 run(s), 1 hit(s), 0 error(s), 1 left on base; Salem 3 - West Virginia 2
BOTTOM OF THE 8TH
West Virginia Power batting - Pitching for Salem Silver Souls : RHP Pat Wyatt
Pitching: RHP Jeff Hansen
Batting: RHB Will Lott 0-0: Ball
1-0: Called Strike
1-1: Ball
2-1: Ball
3-1: Called Strike
3-2: Foul Ball, location: 2F
3-2: Base on Balls
Pitching: RHP Phil Schroeder
Batting: LHB Héctor Soto 0-0: Fly out, F8 (Flyball, 8LM)
Pinch Hitting: SHB Waylon Adams 0-0: Ball
1-0: Ball
2-0: 2-RUN HOME RUN (Flyball, 9LD), Distance : 319 ft
Batting: RHB Jesse McKnight 0-0: Foul Ball, location: 2F
0-1: Ball
1-1: Ground out 3-1 (Groundball, 34)
Batting: RHB Len Burke 0-0: Ball
1-0: Swinging Strike
1-1: Ball
2-1: Swinging Strike
2-2: Strikes out looking
Bottom of the 8th over - 2 run(s), 1 hit(s), 0 error(s), 0 left on base; Salem 3 - West Virginia 4
TOP OF THE 9TH
Salem Silver Souls batting - Pitching for West Virginia Power : RHP Don Shelton
Pitching: RHP Germán Hernández
Now at 3B: Ron Guillén
Pinch Hitting: RHB Jack Snyder 0-0: Fly out, F7 (Flyball, 7M)
Batting: SHB Francis Shaffer 0-0: Swinging Strike
0-1: Called Strike
0-2: Ball
1-2: Foul Ball, location: 2F
1-2: Strikes out looking
Batting: LHB Nick Scott 0-0: Foul Ball, location: 2F
0-1: Ball
1-1: Ball
2-1: Ball
3-1: Called Strike
3-2: Base on Balls
Batting: RHB Adam Thomas 0-0: SINGLE (Line Drive, 4)
Nick Scott to second
Batting: RHB Ron Edwards 0-0: Called Strike
0-1: Swinging Strike
0-2: Foul Ball, location: 2F
0-2: Strikes out swinging
Top of the 9th over - 0 run(s), 1 hit(s), 0 error(s), 2 left on base; Salem 3 - West Virginia 4
Monday, December 5th, 2016 - OOTP Baseball 17.12 Build 75